 Dungeon Crawl Stone Soup version 0.29.1-1-gd02db69 (webtiles) character file.

Game seed: 41046654378293104

669 mattm the Trooper (level 7, 0/54 HPs)
             Began as a Djinni Earth Elementalist on Oct 20, 2022.
             Was an Initiate of Hepliaklqana.
             Slain by a killer bee (3 damage)
             ... on level 6 of the Dungeon.
             The game lasted 00:09:36 (4784 turns).

mattm the Trooper (Djinni Earth Elementalist)       Turns: 4784, Time: 00:09:37

Health: 0/54       AC:  2    Str:  7    XL:     7   Next: 89%
Gold:   122        EV: 12    Int: 19    God:    Hepliaklqana [......] SH:  0 Dex: 19

rFire   + + .      SeeInvis .   (no weapon)
rCold   x . .      Faith    .   (no shield)
rNeg    . . .      Spirit   .   a - +0 robe
rPois   ∞          Reflect  .   (no helmet)
rElec   .          Harm     .   (no cloak)
rCorr   .          Rampage  .   (no gloves)
Will    +....                   (boots unavailable)
Stlth   ++........              (no amulet)
HPRegen 0.18/turn               n - ring of willpower
MPRegen 0.00/turn               t - +6 ring of dexterity

@: about to teleport, flying
A: sickness immunity, fire resistance 2, cold vulnerability 1, float, innate
caster, HP casting, extra vitality 1
a: Renounce Religion


You were on level 6 of the Dungeon.
You worshipped Hepliaklqana.
Hepliaklqana was noncommittal.
You visited 2 branches of the dungeon, and saw 7 of its levels.

You collected 212 gold pieces.
You spent 90 gold pieces at shops.

Inventory:

Hand Weapons
 h - a +5 falchion
Armour
 a - a +0 robe (worn)
 y - a +1 ring mail of fire resistance
Jewellery
 n - a ring of willpower (left hand)
 t - a +6 ring of dexterity (right hand)
 w - an amulet of faith
Wands
 A - a wand of paralysis (4)
Scrolls
 b - a scroll of brand weapon
 e - a scroll of blinking {unknown}
 f - a scroll of vulnerability
 j - a scroll of silence {unknown}
 k - 2 scrolls of fear {unknown}
 m - a scroll of enchant weapon {unknown}
 o - 2 scrolls of noise {unknown}
 p - 2 scrolls of poison
 r - 2 scrolls of immolation {unknown}
 s - a scroll of magic mapping {unknown}
 u - 2 scrolls of teleportation
 v - a scroll of amnesia {unknown}
 z - a scroll of fog {unknown}
Potions
 c - a potion of curing
 d - a potion of lignification
 g - a potion of resistance {unknown}
 i - a potion of might {unknown}
 q - 3 potions of attraction {unknown}
 x - a potion of berserk rage {unknown}


   Skills:
 + Level 5.5 Fighting
 - Level 2.1 Dodging
 - Level 1.5 Stealth
 + Level 4.9 Spellcasting


You couldn't memorise any spells.
You knew the following spells:

 Your Spells              Type           Power      Damage    Failure   Level
a - Sandblast             Erth           46%        2d11      1%          1
b - Stone Arrow           Conj/Erth      46%        3d9       4%          3
c - Foxfire               Conj/Fire      92%        2x1d8     1%          1
d - Petrify               Tmut/Erth      23%        N/A       16%         4
e - Passwall              Tmut/Erth      19%        N/A       2%          2
f - Scorch                Fire           46%        2d7       2%          2
g - Swiftness             Air            23%        N/A       4%          3
Your spell library was empty.

Dungeon Overview and Level Annotations

Branches:
Dungeon (6/15)             Temple (1/1) D:5

Altars:
Cheibriados
Dithmenos
Elyvilon
Fedhas
Hepliaklqana
Nemelex Xobeh
Qazlal
Ru
Uskayaw
Yredelemnul
The Shining One

Shops:
D:1 ?

Annotations:
D:4 Edmund
D:6 Dowan, Duvessa


Innate Abilities, Weirdness & Mutations

You are immune to sickness and miasma.
You are immune to poison.
Your flesh is very heat resistant. (rF++)
You are vulnerable to cold. (rC-)
You float through the air rather than walking.
You learn spells naturally, not from books.
Your magical power is your life essence.
You have superior vitality. (+4 MHP)


Message History

Casting: Sandblast (safe; 1% risk of failure)
Confirm with . or Enter, or press ? or * to list all spells.
Aiming: Stone Arrow (dangerous; 4% risk of failure)
Press: ? - help, Shift-Dir - straight line, f/p - killer bee
Aim: a killer bee (severely wounded, 43% to hit)
The stone arrow misses the killer bee. x2; The stone arrow misses Duvessa.
Dowan shouts!
* * * LOW HITPOINT WARNING * * *
You hear a shout! x2
The killer bee stings you!
* * * LOW HITPOINT WARNING * * *
The killer bee stings you but does no damage.
You take 10 damage, and have 9/54 hp.
You feel better. The killer bee closely misses you.
The killer bee barely misses you.
You regained 5 hp, and now have 14/54 hp.
Casting: Stone Arrow (dangerous; 4% risk of failure)
Confirm with . or Enter, or press ? or * to list all spells.
Aiming: Sandblast (safe; 1% risk of failure)
Press: ? - help, Shift-Dir - straight line, f/p - killer bee
Aim: a killer bee (severely wounded, 65% to hit)
The blast of sand hits the killer bee!
You kill the killer bee!
* * * LOW HITPOINT WARNING * * *
The killer bee barely misses you.
Dowan says, "My weaknesses are her strengths!"
The killer bee stings you!
* * * LOW HITPOINT WARNING * * *
You take 9 damage, and have 5/54 hp.
You feel better. The killer bee stings you.
* * * LOW HITPOINT WARNING * * *
The killer bee stings you.
* * * LOW HITPOINT WARNING * * *
You regained 2 hp, and now have 7/54 hp.
As you read the scroll of teleportation, it crumbles to dust.
You feel strangely unstable. The killer bee stings you.
* * * LOW HITPOINT WARNING * * *
An orc comes into view. It is wielding a +0 flail.
The killer bee stings you.
You die...

..............#.
......
..####..........
..!y.
................
..yy
..######...#####
#... #[......#
#.........###...#
#......## #...#
#o#########...#
#.†eey@..[....#
#..########...#
#...# #...#
#....# #.[.#
......# #...#
.......# #####
#########


You could see Duvessa, Dowan, a killer bee and an orc.

Vanquished Creatures
  An ice beast (D:5)
  A scorpion (D:5)
  5 killer bees (D:6)
  3 hounds (D:5)
  2 jellies
  4 gnolls
  5 adders
  A worm (D:3)
  A dart slug (D:3)
  3 orcs (D:3)
  5 endoplasms
  2 giant cockroaches (D:1)
  6 goblins
  10 hobgoblins
  3 quokkas
  5 ball pythons
  A bat (D:2)
  2 frilled lizards (D:1)
  6 kobolds
  7 rats
73 creatures vanquished.

Vanquished Creatures (others)
  A demonic plant (D:2)
  13 foxfires
14 creatures vanquished.

Grand Total: 87 creatures vanquished

Notes
Turn   | Place    | Note
-------+----------+-------------------------------------------
     0 | D:1      | mattm the Djinni Earth Elementalist began the quest for the
                  | Orb.
     0 | D:1      | mattm set off with the following spells memorised:
                  | Sandblast, Passwall, Stone Arrow, Petrify.
     0 | D:1      | Reached XP level 1. HP: 15/15 MP: 0/0
   282 | D:1      | Found a faded altar of an unknown god.
   305 | D:1      | Reached skill level 1 in Fighting
   305 | D:1      | Reached XP level 2. HP: 21/22 MP: 0/0
   356 | D:1      | Found Yfyr's Magic Scroll Shop.
   820 | D:2      | Reached XP level 3. HP: 26/27 MP: 0/0
   820 | D:2      | Learned a level 1 spell: Foxfire
  1693 | D:1      | Bought a scroll of identify for 20 gold pieces
  1799 | D:3      | Reached skill level 2 in Fighting
  1911 | D:3      | Reached XP level 4. HP: 29/33 MP: 0/0
  2480 | D:4      | Reached XP level 5. HP: 16/40 MP: 0/0
  2480 | D:4      | Learned a level 2 spell: Scorch
  2700 | D:4      | Reached skill level 3 in Fighting
  2735 | D:4      | Noticed Edmund
  3170 | D:3      | HP: 4/40 [acid (7)]
  3174 | D:3      | Reached XP level 6. HP: 6/46 MP: 0/0
  3515 | D:1      | Bought a scroll of teleportation for 30 gold pieces
  3515 | D:1      | Bought a scroll of poison for 40 gold pieces
  3562 | D:5      | Entered Level 5 of the Dungeon
  3759 | D:5      | Found a staircase to the Ecumenical Temple.
  3767 | Temple   | Entered the Ecumenical Temple
  3868 | Temple   | Became a worshipper of Hepliaklqana the Forgotten
  4058 | D:5      | Found a glowing golden altar of the Shining One.
  4133 | D:5      | Noticed an ice beast
  4140 | D:5      | Killed an ice beast
  4141 | D:5      | Reached skill level 4 in Fighting
  4194 | D:5      | Found a sparkling altar of Nemelex Xobeh.
  4561 | D:5      | Reached XP level 7. HP: 49/53 MP: 0/0
  4561 | D:5      | Learned a level 3 spell: Swiftness
  4774 | D:6      | Noticed Duvessa
  4775 | D:6      | Reached skill level 5 in Fighting
  4779 | D:6      | Noticed Dowan
  4782 | D:6      | HP: 5/54 [killer bee (8)]
  4784 | D:6      | Slain by a killer bee

Illustrated notes

Levels and vault maps discovered:
D:1:      ncdulo_halloftheorcs, layout_rooms, serial_shops, shop,
          hellmonk_ecumenical_altar_arch_garden, dk_noncrumbling_3
D:2:      layout_basic, dreamdust_princess_corridor
D:3:      corexii_shack_village, layout_loops_cross, st_stairs_6,
          amcnicky_mini_corridor_feature
D:4:      layout_loops_cross, led_sif_pool, kennysheep_mini, uniq_menkaure,
          uniq_edmund
D:5:      dreamdust_elfheim, layout_loops_ring, lemuel_coloured_pillars_altar,
          mainiacjoe_overflow_paths, minmay_temple_entry_waves,
          cheibrodos_gnoll_hut
D:6:      layout_rooms, marbit_many_paths, uniq_duvessa
Temple:   zaba_magenta_temple

Skill      XL: |  1  2  3  4  5  6  7 |
---------------+----------------------+-----
Fighting       | 1 2 3 4 5 |  5.5
Spellcasting   | 3 4 |  4.9
Dodging        | |  2.1
Stealth        | |  1.5

Action                   |  1- 3 |  4- 6 |  7- 9 || total
-------------------------+-------+-------+-------++-------
 Cast: Sandblast         |    53 |    33 |     8 ||    94
       Stone Arrow       |       |    11 |     6 ||    17
       Foxfire           |       |     3 |     6 ||     9
  Use: Scroll            |     1 |     3 |     2 ||     6
       Potion            |       |     1 |     2 ||     3
Armor: Robe              |       |     2 |     1 ||     3
Dodge: Dodged            |     5 |    13 |    18 ||    36
